TOP OF THE 1ST |
Salt Lake City Bees batting - Pitching for Hawaii Islanders : RHP Adrian Devine
|
Pitching: RHP Adrian Devine
|
|
Batting: LHB Mike Cole
|
0-0: Ball 1-0: Foul Ball, location: 2F 1-1: Ball 2-1: Called Strike 2-2: Ground out 4-3 (Groundball, 4D, EV 106.3 MPH)
|
Batting: LHB Eric Attaway
|
0-0: Ball 1-0: Ball 2-0: Called Strike 2-1: Fly out, F8 (Flyball, 8LXD, EV 108.8 MPH)
|
Batting: RHB Robert Potts
|
0-0: Ball 1-0: Foul Ball, location: 2F 1-1: Fly out, F8 (Flyball, 8LS, EV 92.5 MPH)
|
Top of the 1st over - 0 runs, 0 hits, 0 errors, 0 left on base; Salt Lake City 0 - Hawaii 0 |
BOTTOM OF THE 1ST |
Hawaii Islanders batting - Pitching for Salt Lake City Bees : RHP Ed Nunez
|
Pitching: RHP Ed Nunez
|
|
Batting: LHB Leo Sutherland
|
0-0: Bunted foul 0-1: Ground out 5-3 (Groundball, 56S, EV 70.6 MPH)
|
Batting: RHB Chris Nyman
|
0-0: Called Strike 0-1: Called Strike 0-2: Ball 1-2: Strikes out swinging
|
Batting: SHB Charles Valley
|
0-0: Ball 1-0: Called Strike 1-1: DOUBLE (Line Drive, 5D, EV 95.6 MPH)
|
Batting: LHB Dom Fucci
|
0-0: Ball 1-0: Fly out, F8 (Flyball, 8RM, EV 71.3 MPH)
|
Bottom of the 1st over - 0 runs, 1 hit, 0 errors, 1 left on base; Salt Lake City 0 - Hawaii 0 |
TOP OF THE 2ND |
Salt Lake City Bees batting - Pitching for Hawaii Islanders : RHP Adrian Devine
|
Batting: RHB William Cole
|
0-0: Ball 1-0: Fly out, F7 (Line Drive, 7, EV 85.6 MPH)
|
Batting: RHB Jamie Nelson
|
0-0: Called Strike 0-1: Swinging Strike 0-2: Strikes out looking
|
Batting: RHB Darnell Coles
|
0-0: Called Strike 0-1: Fly out, F9 (Flyball, 89M, EV 81.9 MPH)
|
Top of the 2nd over - 0 runs, 0 hits, 0 errors, 0 left on base; Salt Lake City 0 - Hawaii 0 |
BOTTOM OF THE 2ND |
Hawaii Islanders batting - Pitching for Salt Lake City Bees : RHP Ed Nunez
|
Batting: RHB Dave L Stapleton
|
0-0: Ball 1-0: Called Strike 1-1: Ball 2-1: Ball 3-1: Called Strike 3-2: Base on Balls
|
Batting: LHB Jerry Willard
|
0-0: Fly out, F7 (Flyball, 78D, EV 85.6 MPH)
|
Batting: RHB Jon Hansen
|
0-0: Called Strike 0-1: Ball 1-1: Foul Ball, location: 2F 1-2: Strikes out looking
|
Batting: RHB Michael Hanson
|
0-0: Called Strike 0-1: Ball 1-1: Ball 2-1: Ball 3-1: Fielders Choice at 2nd, 6-4 (Groundball, 6, EV 86.3 MPH)
|
Bottom of the 2nd over - 0 runs, 0 hits, 0 errors, 1 left on base; Salt Lake City 0 - Hawaii 0 |
TOP OF THE 3RD |
Salt Lake City Bees batting - Pitching for Hawaii Islanders : RHP Adrian Devine
|
Batting: LHB Robert Schuster
|
0-0: Fly out, F7 (Flyball, 78D, EV 102.5 MPH)
|
Batting: RHB Darrell Miller
|
0-0: Called Strike 0-1: Foul Ball, location: 2F 0-2: Strikes out swinging
|
Batting: RHB Reid Nichols
|
0-0: Ball 1-0: Called Strike 1-1: Foul Ball, location: 2F 1-2: Ball 2-2: Strikes out swinging
|
Top of the 3rd over - 0 runs, 0 hits, 0 errors, 0 left on base; Salt Lake City 0 - Hawaii 0 |
BOTTOM OF THE 3RD |
Hawaii Islanders batting - Pitching for Salt Lake City Bees : RHP Ed Nunez
|
Batting: RHB Peter Peltz
|
0-0: Ball 1-0: Ball 2-0: Called Strike 2-1: Foul Ball, location: 2F 2-2: Foul Ball, location: 2F 2-2: Ball 3-2: Strikes out swinging
|
Batting: LHB Leo Sutherland
|
0-0: Foul Ball, location: 2F 0-1: Called Strike 0-2: Ball 1-2: Ground out U3 (Groundball, 34, EV 88.1 MPH)
|
Batting: RHB Chris Nyman
|
0-0: Ball 1-0: Fly out, F8 (Flyball, 8RM, EV 89.4 MPH)
|
Bottom of the 3rd over - 0 runs, 0 hits, 0 errors, 0 left on base; Salt Lake City 0 - Hawaii 0 |
TOP OF THE 4TH |
Salt Lake City Bees batting - Pitching for Hawaii Islanders : RHP Adrian Devine
|
Batting: LHB Mike Cole
|
0-0: Foul Ball, location: 2F 0-1: Fly out, F7 (Flyball, 78M, EV 85.0 MPH)
|
Batting: LHB Eric Attaway
|
0-0: Foul Ball, location: 2F 0-1: Foul Ball, location: 2F 0-2: Foul Ball, location: 2F 0-2: Ground out U3 (Groundball, 34, EV 80.0 MPH)
|
Batting: RHB Robert Potts
|
0-0: Foul Ball, location: 2F 0-1: Ball 1-1: Ball 2-1: Foul Ball, location: 2F 2-2: Ball 3-2: Ground out 5-3 (Groundball, 56, EV 109.4 MPH)
|
Top of the 4th over - 0 runs, 0 hits, 0 errors, 0 left on base; Salt Lake City 0 - Hawaii 0 |
BOTTOM OF THE 4TH |
Hawaii Islanders batting - Pitching for Salt Lake City Bees : RHP Ed Nunez
|
Batting: SHB Charles Valley
|
0-0: Called Strike 0-1: Ball 1-1: Fly out, F8 (Flyball, 8LS, EV 88.8 MPH)
|
Batting: LHB Dom Fucci
|
0-0: Called Strike 0-1: Ball 1-1: Ball 2-1: Fly out, F9 (Flyball, 89S, EV 91.3 MPH)
|
Batting: RHB Dave L Stapleton
|
0-0: Ball 1-0: Ball 2-0: Foul Ball, location: 2F 2-1: Ground out U3 (Groundball, 3, EV 102.5 MPH)
|
Bottom of the 4th over - 0 runs, 0 hits, 0 errors, 0 left on base; Salt Lake City 0 - Hawaii 0 |
TOP OF THE 5TH |
Salt Lake City Bees batting - Pitching for Hawaii Islanders : RHP Adrian Devine
|
Batting: RHB William Cole
|
0-0: Called Strike 0-1: Swinging Strike 0-2: Strikes out swinging
|
Batting: RHB Jamie Nelson
|
0-0: Fly out, F7 (Flyball, 7LD, EV 104.4 MPH)
|
Batting: RHB Darnell Coles
|
0-0: Ground out 2-3 (Groundball, 13S, EV 75.0 MPH)
|
Top of the 5th over - 0 runs, 0 hits, 0 errors, 0 left on base; Salt Lake City 0 - Hawaii 0 |
BOTTOM OF THE 5TH |
Hawaii Islanders batting - Pitching for Salt Lake City Bees : RHP Ed Nunez
|
Batting: LHB Jerry Willard
|
0-0: Called Strike 0-1: Ball 1-1: Ball 2-1: Foul Ball, location: 2F 2-2: Foul Ball, location: 2F 2-2: Fly out, F9 (Flyball, 9LM, EV 103.1 MPH)
|
Batting: RHB Jon Hansen
|
0-0: Ball 1-0: Called Strike 1-1: Ball 2-1: Foul Ball, location: 2F 2-2: Foul Ball, location: 2F 2-2: Ball 3-2: Base on Balls
|
Batting: RHB Michael Hanson
|
0-0: Ball 1-0: Ball 2-0: Swinging Strike 2-1: Ball Jon Hansen steals 2nd base 3-1: 2-RUN HOME RUN (Flyball, 8RXD, EV 97.5 MPH), Distance : 447 ft
|
Batting: RHB Peter Peltz
|
0-0: Ball 1-0: Foul Ball, location: 2F 1-1: Called Strike 1-2: Ball 2-2: SINGLE (Line Drive, 78M, EV 93.8 MPH)
|
Batting: LHB Leo Sutherland
|
0-0: Ball 1-0: Swinging Strike 1-1: Ball 2-1: Called Strike 2-2: Grounds into double play, 4-6-3 (Groundball, 4, EV 80.6 MPH)
|
Bottom of the 5th over - 2 runs, 2 hits, 0 errors, 0 left on base; Salt Lake City 0 - Hawaii 2 |
TOP OF THE 6TH |
Salt Lake City Bees batting - Pitching for Hawaii Islanders : RHP Adrian Devine
|
Batting: LHB Robert Schuster
|
0-0: Swinging Strike 0-1: Foul Ball, location: 2F 0-2: Ball 1-2: Foul Ball, location: 2F 1-2: Foul Ball, location: 2F 1-2: Foul Ball, location: 2F 1-2: Ball 2-2: Foul Ball, location: 2F 2-2: Ball 3-2: Base on Balls
|
Batting: RHB Darrell Miller
|
0-0: Ball 1-0: Ball 2-0: Fly out, F8 (Flyball, 8LXD, EV 88.8 MPH)
|
Batting: RHB Reid Nichols
|
0-0: Fielders Choice at 2nd, 5-4 (Groundball, 56, EV 92.5 MPH)
|
Batting: LHB Mike Cole
|
0-0: Ball 1-0: Fielders Choice at 2nd, 5-4 (Groundball, 56, EV 86.3 MPH)
|
Top of the 6th over - 0 runs, 0 hits, 0 errors, 1 left on base; Salt Lake City 0 - Hawaii 2 |
BOTTOM OF THE 6TH |
Hawaii Islanders batting - Pitching for Salt Lake City Bees : RHP Ed Nunez
|
Batting: RHB Chris Nyman
|
0-0: Foul Ball, location: 2F 0-1: Ball 1-1: Ball 2-1: Ball 3-1: Called Strike 3-2: Base on Balls
|
Batting: SHB Charles Valley
|
0-0: Ball 1-0: Called Strike 1-1: Fly out, F7 (Flyball, 78D, EV 100.0 MPH)
|
Batting: LHB Dom Fucci
|
0-0: Called Strike 0-1: Ball 1-1: Swinging Strike 1-2: Ball Chris Nyman steals 2nd base (no throw) 2-2: Ball 3-2: SINGLE (Flyball, 78S, EV 91.3 MPH) Chris Nyman to third Runner from 3rd tries for Home, SAFE, throw by LF to home
|
Batting: RHB Dave L Stapleton
|
0-0: Ball 1-0: Ball 2-0: Ball 3-0: Called Strike 3-1: Base on Balls Dom Fucci to second
|
Batting: LHB Jerry Willard
|
0-0: Foul Ball, location: 2F 0-1: Foul Ball, location: 2F 0-2: Fly out, F7 (Flyball, 7, EV 89.4 MPH)
|
Batting: RHB Jon Hansen
|
0-0: Swinging Strike 0-1: Ball 1-1: Fielders Choice at 2nd, 5-4 (Groundball, 5L, EV 94.4 MPH)
|
Bottom of the 6th over - 1 run, 1 hit, 0 errors, 2 left on base; Salt Lake City 0 - Hawaii 3 |
TOP OF THE 7TH |
Salt Lake City Bees batting - Pitching for Hawaii Islanders : RHP Adrian Devine
|
Batting: LHB Eric Attaway
|
0-0: Ball 1-0: Ball 2-0: Ball 3-0: Called Strike 3-1: Swinging Strike 3-2: SINGLE (Groundball, 3S, EV 70.0 MPH) (infield hit)
|
Batting: RHB Robert Potts
|
0-0: Ball 1-0: SINGLE (Line Drive, 78M, EV 93.8 MPH) Eric Attaway to second
|
Batting: RHB William Cole
|
0-0: Ball 1-0: Grounds into double play, 4-6-3 (Groundball, 4, EV 89.4 MPH) Eric Attaway to third
|
Batting: RHB Jamie Nelson
|
0-0: Foul Ball, location: 2F 0-1: Ball 1-1: Ground out 6-3 (Groundball, 56, EV 81.9 MPH)
|
Top of the 7th over - 0 runs, 2 hits, 0 errors, 1 left on base; Salt Lake City 0 - Hawaii 3 |
BOTTOM OF THE 7TH |
Hawaii Islanders batting - Pitching for Salt Lake City Bees : RHP Ed Nunez
|
Batting: RHB Michael Hanson
|
0-0: SINGLE (Groundball, 34S, EV 75.0 MPH) (infield hit)
|
Batting: RHB Peter Peltz
|
0-0: Called Strike 0-1: Ground out 4-3 (Groundball, 34D, EV 102.5 MPH) Michael Hanson to second
|
Batting: LHB Leo Sutherland
|
0-0: Ball 1-0: Called Strike 1-1: Called Strike 1-2: Ball 2-2: Foul Ball, location: 2F 2-2: Ball 3-2: Foul Ball, location: 2F 3-2: Foul Ball, location: 2F 3-2: Foul Ball, location: 2F 3-2: Ground out 6-3 (Groundball, 56, EV 78.1 MPH)
|
Batting: RHB Chris Nyman
|
0-0: Called Strike 0-1: Ball 1-1: Ball 2-1: Ball 3-1: Base on Balls
|
Batting: SHB Charles Valley
|
0-0: Ball 1-0: Foul Ball, location: 2F 1-1: SINGLE (Line Drive, 9S, EV 110.0 MPH) Michael Hanson to third Chris Nyman to second Runner from 3rd tries for Home, SAFE, throw by RF to home
|
Pitching: RHP Donnie Hill
|
|
Batting: LHB Dom Fucci
|
0-0: Called Strike 0-1: Called Strike 0-2: Ball 1-2: Ground out 4-3 (Groundball, 4, EV 80.6 MPH)
|
Bottom of the 7th over - 1 run, 2 hits, 0 errors, 2 left on base; Salt Lake City 0 - Hawaii 4 |
TOP OF THE 8TH |
Salt Lake City Bees batting - Pitching for Hawaii Islanders : RHP Adrian Devine
|
Batting: RHB Darnell Coles
|
0-0: Ball 1-0: Foul Ball, location: 2F 1-1: Fly out, F9 (Flyball, 9S, EV 85.0 MPH)
|
Batting: LHB Robert Schuster
|
0-0: Ball 1-0: Fly out, F6 (Line Drive, 6, EV 62.5 MPH)
|
Batting: RHB Darrell Miller
|
0-0: Ball 1-0: Ball 2-0: DOUBLE (Line Drive, 3D, EV 96.3 MPH)
|
Batting: RHB Reid Nichols
|
0-0: Ground out 6-3 (Groundball, 6, EV 80.6 MPH)
|
Top of the 8th over - 0 runs, 1 hit, 0 errors, 1 left on base; Salt Lake City 0 - Hawaii 4 |
BOTTOM OF THE 8TH |
Hawaii Islanders batting - Pitching for Salt Lake City Bees : RHP Donnie Hill
|
Batting: RHB Dave L Stapleton
|
0-0: Fly out, F9 (Line Drive, 9, EV 87.5 MPH)
|
Batting: LHB Jerry Willard
|
0-0: Foul Ball, location: 2F 0-1: SOLO HOME RUN (Flyball, 9D, EV 106.9 MPH), Distance : 371 ft
|
Batting: RHB Jon Hansen
|
0-0: Called Strike 0-1: Ball 1-1: Ground out 3-1 (Groundball, 34, EV 106.9 MPH)
|
Batting: RHB Michael Hanson
|
0-0: Ground out 5-3 (Groundball, 56S, EV 80.0 MPH)
|
Bottom of the 8th over - 1 run, 1 hit, 0 errors, 0 left on base; Salt Lake City 0 - Hawaii 5 |
TOP OF THE 9TH |
Salt Lake City Bees batting - Pitching for Hawaii Islanders : RHP Adrian Devine
|
Batting: LHB Mike Cole
|
0-0: Called Strike 0-1: Ball 1-1: Ball 2-1: Ground out 6-3 (Groundball, 6, EV 104.4 MPH)
|
Batting: LHB Eric Attaway
|
0-0: Called Strike 0-1: Foul Ball, location: 2F 0-2: Foul Ball, location: 2F 0-2: Ball 1-2: Ball 2-2: Ball 3-2: SINGLE (Groundball, 56D, EV 95.0 MPH)
|
Batting: RHB Robert Potts
|
0-0: Called Strike 0-1: Called Strike 0-2: Grounds into double play, 6-4-3 (Groundball, 6, EV 87.5 MPH)
|
Top of the 9th over - 0 runs, 1 hit, 0 errors, 0 left on base; Salt Lake City 0 - Hawaii 5 |
|